 Dungeon Crawl Stone Soup version 0.18-a0-1692-g516f9e9 (webtiles) character file.

118 4thArraOfDagon the Chopper (level 5, -5/47 HPs)
             Began as a Hill Orc Berserker on Apr 5, 2016.
             Was a Follower of Trog.
             Slain by a gnoll
             ... wielding a +0 flail
              (12 damage)
             ... on level 4 of the Dungeon.
             The game lasted 00:02:51 (506 turns).

4thArraOfDagon the Chopper (Hill Orc Berserker)      Turns: 506, Time: 00:02:52

Health: -5/47      AC:  4    Str: 21    XL:     5   Next: 2%
Magic:  5/5        EV: 12    Int: 12    God:    Trog [*.....]
Gold:   54         SH:  0    Dex: 10    Spells: 0 memorised, 4 levels left

rFire  . . .     SeeInvis .     a - +0 hand axe
rCold  . . .     Gourm    .     b - +0 animal skin
rNeg   . . .     Faith    .     (no shield)
rPois  .         Spirit   .     (no helmet)
rElec  .         Dismiss  .     (no cloak)
rCorr  .         Reflect  .     (no gloves)
SustAt .         Harm     .     k - +1 pair of boots
MR     .....                    (no amulet)
Stlth  +.........               (no ring)
                                (no ring)

@: brilliant, exhausted, glowing, not resistant to hostile enchantments, very
unstealthy
A: no striking features
a: Berserk, Burn Spellbooks, Renounce Religion


You were on level 4 of the Dungeon.
You worshipped Trog.
Trog was aware of your devotion.
You were near starving.

You visited 1 branch of the dungeon, and saw 4 of its levels.

You collected 54 gold pieces.

Inventory:

Hand Weapons
 a - a +0 hand axe (weapon)
Armour
 b - a +0 animal skin (worn)
 k - a +1 pair of boots (worn)
Scrolls
 e - a scroll of remove curse {unknown}
 h - a scroll of teleportation {unknown}
 i - 2 scrolls of identify {unknown}
Potions
 g - a potion of cancellation
Comestibles
 c - a bread ration
 l - a meat ration
 n - 3 fruits


   Skills:
 + Level 4.3 Fighting
 * Level 6.0 Axes
 + Level 3.2 Armour
 - Level 1.5 Dodging


You had 4 spell levels left.
You didn't know any spells.

Dungeon Overview and Level Annotations

Branches:
Dungeon (4/15)
 Temple: D:4-7

Altars:
Dithmenos


Message History

Read which item? (? for menu, Esc to quit)
Okay, then.
Unknown command.
The gnoll closely misses you.
Unknown command.
Read which item? (? for menu, Esc to quit)
As you read the scroll labeled BAMETAD OQAM, it crumbles to dust.
It is a scroll of enchant armour.
Enchant which item? (? for menu, Esc to quit)
Your +0 pair of boots glows green for a moment.
The gnoll barely misses you.
Unknown command.
The gnoll shaman calls upon its god to speed up the gnoll.
The gnoll seems to speed up.
Unknown command.
Read which item? (? for menu, Esc to quit)
As you read the scroll labeled EHIUCS UGIRPH, it crumbles to dust.
The creatures around you are filled with an inner flame!
It was a scroll of immolation.
The gnoll hits you with a flail!
You die...

#.......#.#...#.#
#######....#...#.....#. #
#...........#..#.....#.
#.#########.....##.#...###.....##
#....g..........##..#..#..#...#..
#.##...#g.#.....##...###...#.#...
#...)g###g......##..#...#...#...#
#.##..###..##.####.#.....#..#..#.
..###..#..###.gg@.........#####..
...##.....##gg####.#.....#..#..#.
...............##..#...#...#...#
#.........##.......###...#.#...
##..._...####.....#..#..#...#..
.##.........##.....#...###.....##
......................#..#.....#.
#..##.....##..###....#...#.....#.
.. ##..#..###.# #.......#.#...#.#


You could see a gnoll shaman (inner flame) and 3 gnolls.

Vanquished Creatures
  3 worker ants (D:4)
  2 gnolls (D:4)
  A dart slug (D:2)
  A giant gecko (D:1)
  3 orcs
  2 giant cockroaches
  2 goblins
  A hobgoblin (D:2)
  A kobold (D:3)
  3 quokkas
  2 bats
  A giant newt (D:1)
  A rat (D:3)
23 creatures vanquished.

Notes
Turn   | Place    | Note
--------------------------------------------------------------
     0 | D:1      | 4thArraOfDagon the Hill Orc Berserker began the quest for the Orb.
     0 | D:1      | Reached XP level 1. HP: 19/19 MP: 1/1
   140 | D:2      | Reached XP level 2. HP: 24/27 MP: 2/2
   313 | D:4      | Found a shadowy altar of Dithmenos.
   348 | D:4      | Reached XP level 3. HP: 32/33 MP: 3/3
   379 | D:4      | Reached skill level 5 in Axes
   381 | D:4      | Reached XP level 4. HP: 40/40 MP: 4/4
   486 | D:4      | HP: 3/61 [gnoll (4)]
   487 | D:4      | Reached skill level 6 in Axes
   487 | D:4      | Reached XP level 5. HP: 4/47 MP: 5/5
   506 | D:4      | Slain by a gnoll

Vault maps used:
D:1:      saegor_arrival_simple_e, minmay_misc_feat_five, hangedman_decor_push,
          hex_tiny
D:4:      led_sif_book, minmay_temple_entry_statues, hangedman_decor_slide_cut,
          minmay_splitting_lines, hangedman_decor_lopped,
          nicolae_dithmenos_shadow_blocks

Skill      XL: |  1  2  3  4 |
---------------+-------------+-----
Axes           | 5 6 |  6.0
Fighting       | 4 |  4.3
Armour         | 3 |  3.2
Dodging        | |  1.5

Action                   |  1- 3 |  4- 6 || total
-------------------------+-------+-------++-------
Melee: Hand axe          |    48 |    14 ||    62
Invok: Berserk           |     2 |     2 ||     4
  Use: Potion            |       |     3 ||     3
       Scroll            |       |     2 ||     2
 Stab: Sleeping          |     1 |       ||     1
  Eat: Chunk             |       |     1 ||     1
